 Dungeon Crawl Stone Soup version 0.28.0 (webtiles) character file.

Game seed: 12864383688875520934

597 GrayStillPlays the Skirmisher (level 7, -2/55 HPs)
             Began as a Demonspawn Fighter on Feb 13, 2022.
             Was an Initiate of Gozag.
             Killed from afar by an orc wizard (9 damage)
             ... with a puff of flame
             ... on level 4 of the Dungeon.
             The game lasted 00:05:14 (3925 turns).

GrayStillPlays the Skirmisher (Demonspawn Fighter)  Turns: 3925, Time: 00:05:14

Health: -2/55      AC:  5    Str: 18    XL:     7   Next: 17%
Magic:  7/7        EV: 12    Int:  9    God:    Gozag
Gold:   74         SH:  5    Dex: 13    Spells: 6/6 levels left

rFire   . . .      SeeInvis .   j - +2 short sword (distort) {!wshort}
rCold   . . .      Faith    .   c - +0 buckler
rNeg    . . .      Spirit   .   m - +2 robe {Will+}
rPois   .          Reflect  .   (no helmet)
rElec   .          Harm     .   t - +0 cloak
rCorr   .          Rampage  .   (no gloves)
Will    +....                   (no boots)
Stlth   +.........              k - amulet of magic regeneration {@e2}
HPRegen 0.18/turn               o - ring of wizardry
MPRegen 0.50/turn               (no ring)

@: no status effects
A: claws 1, demonic guardian 1, powered by pain 1
a: Renounce Religion, Potion Petition, Call Merchant, Bribe Branch


You were on level 4 of the Dungeon.
You worshipped Gozag.
Gozag was noncommittal.
You visited 2 branches of the dungeon, and saw 6 of its levels.

You collected 138 gold pieces.
You paid 64 gold pieces to Gozag.


Innate Abilities, Weirdness & Mutations

You have sharp fingernails.
A weak demonic guardian rushes to your aid.
You sometimes gain a little power by taking damage.


   Skills:
 + Level 4.6 Fighting
 + Level 3.6 Axes
 + Level 4.2 Armour
 + Level 2.2 Dodging
 + Level 4.2 Shields


You had 6 spell levels left.
You didn't know any spells.
Your spell library contained the following spells:

 Spells                   Type           Power      Damage    Failure   Level
 Sandblast                Erth           0%         2d4       21%         1
 Passwall                 Tmut/Erth      0%         N/A       30%         2
 Ignite Poison            Fire/Tmut/Pois 0%         N/A       50%         3
 Mephitic Cloud           Conj/Pois/Air  0%         N/A       50%         3
 Stone Arrow              Conj/Erth      0%         3d7       50%         3
 Freezing Cloud           Conj/Ice/Air   0%         6-21      99%         5

Inventory:

Hand Weapons
 a - a +0 war axe {axe}
 j - a +2 short sword of distortion (weapon) {!wshort}
   (You took it off a kobold on level 1 of the Dungeon)
 u - a +4 quarterstaff of chaos {staff}
   (You took it off Crazy Yiuf on level 2 of the Dungeon)
Missiles
 i - 34 sling bullets
 l - 5 boomerangs (quivered) {throwing}
 q - 89 stones {throwing}
 x - 34 bolts
 y - 39 arrows
Armour
 b - a +0 scale mail
 c - a +0 buckler (worn)
 m - a +2 robe of willpower (worn)
   (You took it off Jessica on level 2 of the Dungeon)
 t - a +0 cloak (worn)
   (You took it off Crazy Yiuf on level 2 of the Dungeon)
Magical Staves
 D - a staff of conjuration {!a@e2staff}
   (You found it on level 4 of the Dungeon)
Jewellery
 e - a ring of fire
   (You found it on level 1 of the Dungeon)
 k - an amulet of magic regeneration (around neck) {@e2}
   (You found it on level 1 of the Dungeon)
 o - a ring of wizardry (left claw)
   (You found it on level 2 of the Dungeon)
Scrolls
 f - 4 scrolls of teleportation {unknown}
 g - 2 scrolls of noise {unknown}
 h - a scroll of fear {unknown}
 n - 4 scrolls of vulnerability {unknown}
 s - a scroll of enchant weapon {unknown}
 w - a scroll of identify {unknown}
 A - a scroll of magic mapping {unknown}
 C - a scroll of enchant armour {unknown}
Potions
 d - a potion of might
 p - a potion of magic {unknown}
 r - a potion of mutation {unknown}
 v - 2 potions of curing {unknown}
 z - 2 potions of attraction {unknown}
 B - a potion of cancellation {unknown}

Dungeon Overview and Level Annotations

Branches:
Dungeon (5/15)             Temple (1/1) D:5

Altars:
Ashenzari
Cheibriados
Elyvilon
Fedhas
Gozag
Hepliaklqana
Kikubaaqudgha
Makhleb
Nemelex Xobeh
Okawaru
Qazlal
Ru
Sif Muna
Trog
Uskayaw
Vehumet
Wu Jian
Xom
Yredelemnul
Zin
The Shining One

Shops:
D:2

= ######## #......##
######### ##.##8..8##
#.......####..#.....⌠#
#.............###..###
#.......#####.#.....#
#....o..#####.###..##
#>..5@.......##.....##
########.....#####..###..###
#...................#⌠....⌠#
##.######.....###....###..###
#...### #......##....#_.....#
###...###.##....#....##_♣#_##
###.....##.#.......########
#####...#.#.............##
#.......#...##........^...


You could see an orc wizard (ally target) and a friendly shadow imp (summoned).


Message History

You take 3 damage, and now have 32/55 hp.
You hit the orc.
The orc blinks!
Your shadow imp barely misses the orc.
Your shadow imp hits the orc.
Things that are here:
5 gold pieces; a +0 war axe {axe}; 😮 HP[+1]
You hit the orc.
You kill the orc!
You now have 62 gold pieces (gained 7).
Things that are here:
a +0 short sword {short}; a +0 leather armour Your shadow imp disappears in a puff of smoke!
Things that are here:
a +0 short sword {short}; a +0 leather armour You now have 67 gold pieces (gained 5).
You see here a +0 war axe {axe}.
You now have 74 gold pieces (gained 7).
x - 34 bolts (gained 4)
Things that are here:
a +0 flail {mace}; a +0 leather armour 😎 HP[+22]
Your hp is fully restored (55).
An orc and an orc wizard come into view.
The orc shouts!
The orc wizard shouts!
An orc warrior comes into view. It is wielding a +0 glaive.
There are monsters nearby!
The orc warrior shouts!
An orc comes into view. It is wielding a +0 short sword.
A quokka comes into view.
The orc shouts!
You hit the orc wizard.
Space warps around the orc wizard.
The orc wizard closely misses you.
The orc warrior hits you from afar with a +0 glaive!
The teleport trap disappears.
The quokka disappears!
The orc wizard hits you but does no damage.
The orc closely misses you. 😮 HP[-14]
You take 14 damage, and now have 41/55 hp.
MASSIVE DAMAGE!! (PAUSE)
You miss the orc wizard.
The orc warrior hits you from afar with a +0 glaive!
The orc wizard casts a spell at you. The magic dart hits you.
* * * LOW HITPOINT WARNING * * *
You block the orc's attack.
The orc warrior barely misses you. 😨 HP[-15]
You take 15 damage, and now have 26/55 hp.
MASSIVE DAMAGE!! (PAUSE) 😨 HP[+1]
The orc wizard casts a spell at you. The puff of flame hits you.
* * * LOW HITPOINT WARNING * * *
😨 HP[-6]
You take 6 damage, and now have 21/55 hp.
The orc warrior hits you from afar with a +0 glaive.
* * * LOW HITPOINT WARNING * * *
😨 HP[-5]
You take 5 damage, and now have 16/55 hp.
The orc warrior hits you with a +0 glaive.
* * * LOW HITPOINT WARNING * * *
A demonic guardian appears! 😱 HP[-6]
You take 6 damage, and now have 10/55 hp.
You hit the orc warrior but do no damage.
The orc warrior blinks!
Your quasit misses the orc warrior. x2
Your quasit barely misses the orc warrior.
Something hits your quasit!
Your quasit dies!
Your quasit disappears in a puff of smoke! 😱 HP[+1]
Things that are here:
a +0 flail {mace}; a +0 leather armour
There is a stone staircase leading up, spattered with blood here.
The orc wizard hits you but does no damage.
You climb upwards.
There is a stone staircase leading down here. 😱 HP[+1]
You closely miss the orc wizard.
The orc wizard hits you with a +0 dagger.
* * * LOW HITPOINT WARNING * * *
A demonic guardian appears! 😱 HP[-2]
You take 2 damage, and now have 10/55 hp.
You barely miss the orc wizard. The orc wizard closely misses you.
You hit the orc wizard.
The orc wizard hits you with a +0 dagger.
* * * LOW HITPOINT WARNING * * *
Your shadow imp closely misses the orc wizard. 😱 HP[-3]
You take 3 damage, and now have 7/55 hp.
You barely miss the orc wizard. The orc wizard barely misses you.
Your shadow imp barely misses the orc wizard.
You barely miss the orc wizard.
The orc wizard hits you but does no damage.
Your shadow imp closely misses the orc wizard.
You closely miss the orc wizard.
The orc wizard gestures at you while chanting.
The puff of flame hits you!
You die...
Your body crumbles into a pile of gold.

Skill      XL: |  1  2  3  4  5  6 |
---------------+-------------------+-----
Axes           | 2 3 |  3.6
Armour         | 3 4 |  4.2
Shields        | 3 4 |  4.2
Fighting       | 4 |  4.6
Dodging        | 1 2 |  2.2

Action                   |  1- 3 |  4- 6 |  7- 9 || total
-------------------------+-------+-------+-------++-------
Melee: War axe           |    49 |       |       ||    49
       Short sword       |    52 |    98 |    21 ||   171
Armor: Scale mail        |    40 |       |       ||    40
       Robe              |     8 |    21 |     6 ||    35
Dodge: Dodged            |    64 |    55 |    13 ||   132
Block: Buckler           |    24 |    18 |     5 ||    47

Levels and vault maps discovered:
D:1:      giann_wishing_wells, layout_loops_cross
D:2:      layout_loops_ring, serial_shops, shop_fountains, uniq_jessica,
          uniq_crazy_yiuf_cottage
D:3:      layout_loops_ring, chequers_ecumenical_altar_simple_redux,
          kennysheep_potato
D:4:      layout_rooms, minitemple, hangedman_decor_points
D:5:      minmay_chambers_of_fours, layout_basic, minmay_temple_entry_trees,
          minmay_crystal_water, uniq_sigmund
Temple:   nicolae_temple_no_exploring_needed

Notes
Turn   | Place    | Note
-------+----------+-------------------------------------------
     0 | D:1      | GrayStillPlays the Demonspawn Fighter began the quest for
                  | the Orb.
     0 | D:1      | Reached XP level 1. HP: 18/18 MP: 1/1
     0 | D:1      | magus.rc [v1.9.6]
   421 | D:1      | Reached skill level 2 in Axes
   423 | D:1      | Gained mutation: You sometimes gain a little power by
                  | taking damage. [demonic ancestry]
   423 | D:1      | Reached XP level 2. HP: 24/24 MP: 2/2
   771 | D:1      | Reached skill level 3 in Armour
   797 | D:1      | Reached skill level 3 in Shields
   902 | D:2      | Noticed Jessica
   905 | D:2      | Reached XP level 3. HP: 29/29 MP: 3/3
   911 | D:2      | Killed Jessica
  1037 | D:2      | Found a runed translucent door.
  1038 | D:2      | Noticed Crazy Yiuf
  1078 | D:2      | Found Miepodaci's Jewellery Shoppe.
  1392 | D:2      | Gained mutation: A weak demonic guardian rushes to your
                  | aid. [demonic ancestry]
  1392 | D:2      | Reached XP level 4. HP: 35/35 MP: 4/4
  1435 | D:2      | You pick up a book of Geomancy and begin reading...
  1435 | D:2      | You add the spells Sandblast, Passwall and Stone Arrow to
                  | your library.
  1830 | D:2      | Killed Crazy Yiuf
  1895 | D:3      | Found a faded altar of an unknown god.
  2494 | D:3      | Reached XP level 5. HP: 42/42 MP: 5/5
  2652 | D:4      | Noticed a phantom
  2659 | D:4      | Killed a phantom
  2660 | D:4      | Reached skill level 4 in Fighting
  2660 | D:4      | Reached skill level 3 in Axes
  2660 | D:4      | Reached skill level 1 in Dodging
  2846 | D:4      | Reached XP level 6. HP: 22/48 MP: 6/6
  3090 | D:4      | You add the spells Ignite Poison, Mephitic Cloud and
                  | Freezing Cloud to your library.
  3147 | D:4      | Reached skill level 4 in Armour
  3394 | D:4      | Found an opulent altar of Gozag.
  3394 | D:4      | Found a sacrificial altar of Ru.
  3481 | D:5      | Entered Level 5 of the Dungeon
  3484 | D:5      | Noticed Sigmund
  3489 | D:5      | Killed Sigmund
  3490 | D:5      | Reached skill level 2 in Dodging
  3490 | D:5      | Reached skill level 4 in Shields
  3490 | D:5      | Gained mutation: You have sharp fingernails. [demonic
                  | ancestry]
  3490 | D:5      | Reached XP level 7. HP: 44/55 MP: 7/7
  3648 | D:5      | Found a staircase to the Ecumenical Temple.
  3652 | Temple   | Entered the Ecumenical Temple
  3721 | D:4      | Became a worshipper of Gozag Ym Sagoz the Greedy
  3908 | D:5      | HP: 10/55 [orc warrior (6)]
  3920 | D:4      | HP: 10/55 [orc wizard (2)]
  3925 | D:4      | Killed from afar by an orc wizard

Vanquished Creatures
  Sigmund (D:5)
  A necrophage (D:4)
  A phantom (D:4)
  A hound (D:3)
  Crazy Yiuf (D:2)
  A centaur skeleton (D:4)
  Jessica (D:2)
  An iguana (D:5)
  2 adder skeletons (D:4)
  3 worms
  A dart slug (D:1)
  9 orcs
  9 ball pythons
  9 bats
  8 endoplasms
  3 giant cockroaches
  5 hobgoblins
  2 jackals (D:1)
  2 quokkas
  6 frilled lizards
  4 goblins
  5 kobolds
  5 rats
81 creatures vanquished.

Vanquished Creatures (collateral kills)
  An orc priest (D:4)
  A dart slug (D:4)
2 creatures vanquished.

Grand Total: 83 creatures vanquished

Table legend:
 A = Non-vault XP
 B = Vault XP
 C = Vault XP percentage of total XP
 D = Non-vault monster count
 E = Vault monster count
 F = Vault count percentage of total count
                 A         B        C        D         E       F
            +---------+---------+-------+---------+---------+-------
      Total |     553 |     301 |  35.2 |      81 |       4 |   4.7
            +---------+---------+-------+---------+---------+-------
        D:1 |      38 |       0 |   0.0 |      22 |       0 |   0.0
        D:2 |      40 |      77 |  65.8 |      22 |       2 |   8.3
        D:3 |      69 |       1 |   1.4 |      12 |       1 |   7.7
        D:4 |     360 |       0 |   0.0 |      21 |       0 |   0.0
        D:5 |      46 |     223 |  82.9 |       4 |       1 |  20.0
            +---------+---------+-------+---------+---------+-------

Illustrated notes

Table legend:
 A = Kills in this place as a percentage of kills in entire the game.
 B = Kills by you in this place as a percentage of kills by you in the entire game.
 C = Kills by friends in this place as a percentage of kills by friends in the entire game.
 D = Other kills in this place as a percentage of other kills in the entire game.
 E = Experience gained in this place as a percentage of experience gained in the entire game.
 F = Experience gained in this place divided by the number of levels of this place that you have seen.
                   A       B       C       D       E      F
               +-------+-------+-------+-------+-------+----------------------
         Total | 100.0 | 100.0 | 100.0 | 100.0 | 100.0 | 142.3
       Dungeon | 100.0 | 100.0 | 100.0 | 100.0 | 100.0 | 170.8
               +-------+-------+-------+-------+-------+----------------------

Table legend: (Time is in decaauts)
 A = Elapsed time spent in this place.
 B = Non-inter-level travel time spent in this place.
 C = Inter-level travel time spent in this place.
 D = Time resting spent in this place.
 E = Time spent auto-exploring this place.
 F = Levels seen in this place.
 G = Mean time per level.
                   A        B        C        D        E       F      G
               +--------+--------+--------+--------+--------+-----+--------+
         Total |   3971 |   3754 |    217 |      0 |   3141 |   6 |  661.8 |
       Dungeon |   3969 |   3753 |    216 |      0 |   3141 |   5 |  793.8 |
        Temple |      1 |      0 |      1 |      0 |      0 |   1 |    1.0 |
               +--------+--------+--------+--------+--------+-----+--------+

Top non-repeatable levels by time:
     D:2: 1002 daAuts
     D:4: 940 daAuts
     D:1: 921 daAuts
     D:3: 744 daAuts
     D:5: 361 daAuts
  Temple: 1 daAuts
